 Dungeon Crawl Stone Soup version 0.27-a0-869-g165b36e3f0 (webtiles) character file.

Game seed: 2565592595624189039

2748 jasper the Chopper (level 9, 0/71 HPs)
             Began as a Mummy Berserker on Apr 2, 2021.
             Was a Priest of Trog.
             Slain by a killer bee (4 damage)
             ... on level 9 of the Dungeon.
             The game lasted 00:12:46 (8798 turns).

jasper the Chopper (Mummy Berserker)                Turns: 8798, Time: 00:12:47

Health: 0/71       AC: 13    Str: 23    XL:     9   Next: 41%
Magic:  9/9        EV:  7    Int:  6    God:    Trog [***...]
Gold:   298        SH:  0    Dex: 12    Spells: 8/8 levels left

rFire    x . .     SeeInvis .   u - +0 battleaxe (elec)
rCold    + . .     Faith    +   (shield currently unavailable)
rNeg     + + +     Spirit   .   v - +0 plate armour
rPois    ∞         Reflect  .   (no helmet)
rElec    .         Harm     .   n - +0 cloak
rCorr    .         Rampage  .   (no gloves)
Will     +++..                  (no boots)
Stlth    ..........             w - amulet of faith
HPRegen  1.21/turn              (no ring)
MPRegen  0.11/turn              (no ring)

@: regenerating
A: cold resistance 1, negative energy resistance 3, torment resistance 2,
unbreathing 1, heat vulnerability 1, no potions
a: Renounce Religion, Trog's Hand


You were on level 9 of the Dungeon.
You worshipped Trog.
Trog was most pleased with you.
You visited 1 branch of the dungeon, and saw 9 of its levels.

You collected 298 gold pieces.

Inventory:

Hand Weapons
 a - a +0 hand axe of freezing
 d - a +0 hunting sling
 i - a +5 whip
 q - a +4 hand axe
 u - a +0 battleaxe of electrocution (weapon)
 x - a +2 flail
Missiles
 e - 171 stones
 j - 10 boomerangs (quivered)
 k - 57 bolts
 l - 36 sling bullets
 s - 58 poisoned darts
Armour
 b - a +0 animal skin
 c - a +0 ring mail
 f - a +0 helmet
 g - a +0 helmet of intelligence
 h - a +0 scale mail
 n - a +0 cloak (worn)
 r - a +0 chain mail
 v - a +0 plate armour (worn)
 y - a +0 buckler
Jewellery
 w - an amulet of faith (around neck)
Wands
 t - a wand of random effects (18)
Scrolls
 m - 6 scrolls of identify
 p - 2 scrolls of brand weapon
 A - a scroll of fog


   Skills:
 + Level 6.8 Fighting
 * Level 7.7 Axes
 + Level 5.2 Armour
 - Level 1.5 Dodging
 - Level 3.2 Evocations


You had 8 spell levels left.
You didn't know any spells.
Your spell library was empty.

Dungeon Overview and Level Annotations

Branches:
Dungeon (9/15)             Temple (0/1) D:7
   Lair: D:8-11         Orc: D:9-12

Altars:
Hepliaklqana
Makhleb
Ru
Uskayaw
Wu Jian

Shops:
D:1 !   D:6 :   D:7 (

Annotations:
D:3 Natasha
D:5 Blork the orc


Innate Abilities, Weirdness & Mutations

You are immune to poison.
Your flesh is cold resistant. (rC+)
You are immune to negative energy. (rN+++)
You are immune to unholy pain and torment.
You can survive without breathing.
You are vulnerable to heat. (rF-)
You do not drink.


Message History

The killer bee misses you. The killer bee barely misses you.
The killer bee stings you. x2
* * * LOW HITPOINT WARNING * * *
The killer bee stings you.
* * * LOW HITPOINT WARNING * * *
The killer bee stings you but does no damage.
You take 7 damage, and have 16/71 hp.
You closely miss the killer bee.
The killer bee is severely wounded.
You barely miss the killer bee. You closely miss the killer bee.
The killer bee stings you but does no damage. x3
The killer bee stings you.
* * * LOW HITPOINT WARNING * * *
The killer bee closely misses you.
The killer bee stings you but does no damage.
The killer bee barely misses you. x2
The killer bee stings you but does no damage.
You take 2 damage, and have 14/71 hp.
You hit the killer bee but do no damage.
The killer bee is severely wounded.
You miss the killer bee.
Your plate armour prevents you from hitting the killer bee.
The killer bee stings you but does no damage.
The killer bee stings you.
* * * LOW HITPOINT WARNING * * *
The killer bee barely misses you.
The killer bee stings you but does no damage. x3
The killer bee stings you.
* * * LOW HITPOINT WARNING * * *
The killer bee stings you but does no damage.
The killer bee stings you.
* * * LOW HITPOINT WARNING * * *
You take 11 damage, and have 3/71 hp.
Unknown command.
Okay, then.
You can't drink.
Your skin crawls.
You feel strong-willed. The killer bee stings you.
You die...

#........ #.......#
#.......# +.......+
#.......# #.......#
+.......# .....
#...y@..#
(....#+####...yy..#
..................#
..................#
..................#
..................#
..................#
.......)..........#
....
......##†##.......#
.....


You could see 3 killer bees.

Vanquished Creatures
  A steam dragon (D:7)
  2 orc warriors (D:7)
  A sky beast (D:7)
  2 necrophages
  3 centaurs
  A gnoll sergeant (D:7)
  A scorpion (D:6)
  A water moccasin skeleton (D:5)
  16 killer bees
  10 wights
  A howler monkey (D:5)
  A bullfrog zombie (D:5)
  A crimson imp (D:7)
  2 centaur skeletons (D:7)
  2 orc priests
  2 hounds
  2 jellies
  6 orc wizards
  7 gnolls
  A howler monkey skeleton (D:6)
  An adder skeleton (D:4)
  4 dart slugs
  23 orcs
  5 bats
  4 endoplasms
  4 giant cockroaches
  4 goblins
  5 hobgoblins
  10 jackals
  7 kobolds
  A quokka (D:3)
  3 ball pythons
  4 frilled lizards
  3 rats
141 creatures vanquished.

Notes
Turn   | Place    | Note
-------+----------+-------------------------------------------
     0 | D:1      | jasper the Mummy Berserker began the quest for the Orb.
     0 | D:1      | Reached XP level 1. HP: 18/18 MP: 1/1
   266 | D:1      | Found Xuaraxt's Distillery.
   339 | D:1      | Reached XP level 2. HP: 22/24 MP: 2/2
   755 | D:1      | Reached skill level 3 in Axes
   991 | D:1      | Reached XP level 3. HP: 27/29 MP: 3/3
  1556 | D:2      | Reached ** piety under Trog
  2203 | D:3      | Noticed an ogre
  2238 | D:3      | Noticed Natasha
  2438 | D:4      | Found a sacrificial altar of Ru.
  2576 | D:4      | Reached XP level 4. HP: 36/36 MP: 4/4
  2793 | D:4      | HP: 1/36 [gnoll/+3 halberd (7)]
  3000 | D:5      | Entered Level 5 of the Dungeon
  3150 | D:5      | Reached XP level 5. HP: 31/42 MP: 5/5
  3204 | D:5      | Noticed Blork the orc
  3740 | D:5      | Reached skill level 4 in Axes
  4027 | D:5      | Found a hide-covered altar of Uskayaw.
  4027 | D:5      | Found an ornate altar of the Wu Jian Council.
  4028 | D:5      | Found a hazy altar of Hepliaklqana.
  4140 | D:6      | Reached XP level 6. HP: 13/48 MP: 6/6
  4824 | D:6      | Found Oryppunn's Book Shop.
  5459 | D:7      | Found Baqoluf's Weapon Shoppe.
  5459 | D:7      | Noticed an orc warrior
  5637 | D:7      | Reached skill level 5 in Axes
  5667 | D:7      | Found a burning altar of Makhleb.
  5679 | D:7      | Reached XP level 7. HP: 55/55 MP: 7/7
  5764 | D:7      | Reached skill level 5 in Fighting
  6397 | D:7      | Found a staircase to the Ecumenical Temple.
  6417 | D:7      | Reached skill level 6 in Axes
  6417 | D:7      | Reached XP level 8. HP: 63/63 MP: 8/8
  6805 | D:7      | Reached skill level 7 in Axes
  7059 | D:7      | Reached *** piety under Trog
  7078 | D:7      | Reached skill level 5 in Armour
  7343 | D:7      | Reached XP level 9. HP: 30/71 MP: 9/9
  7883 | D:8      | Noticed a death yak
  7889 | D:8      | Reached skill level 1 in Evocations
  8797 | D:9      | HP: 3/71 [killer bee (6)]
  8798 | D:9      | Slain by a killer bee

Illustrated notes

Levels and vault maps discovered:
D:1:      dpeg_arrival_three_same_balls, layout_basic, serial_shops, shop
D:2:      layout_loops_corners
D:3:      layout_rooms, uniq_ijyb, uniq_natasha
D:4:      layout_cave_pools, nicolae_ru_awakened_eye, serial_glass,
          glass_columns_a, glass_columns_a, serial_park_tiny_pond,
          corexii_corridor_pit
D:5:      layout_basic, gammafunk_temple_overflow_claw, uniq_blork_the_orc
D:6:      layout_loops_ring, serial_shops, nicolae_shop_crystal,
          minmay_misc_feat_tower
D:7:      layout_loops_ring, makhleb_grotto_becter, minmay_temple_entry_arrows,
          serial_shops, nicolae_shop_waterfront, lightli_minifort
D:8:      layout_rooms, cheibrodos_worm_habitat, dpeg_lair_monsters
D:9:      layout_gridville, uniq_joseph

Skill      XL: |  1  2  3  4  5  6  7  8  9 |
---------------+----------------------------+-----
Axes           | 3 4 5 6 7 |  7.7
Armour         | 2 3 4 5 |  5.2
Fighting       | 4 5 6 |  6.8
Evocations     | 3 |  3.2
Dodging        | |  1.5

Action                   |  1- 3 |  4- 6 |  7- 9 || total
-------------------------+-------+-------+-------++-------
Melee: Hand axe          |   134 |   138 |       ||   272
       Battleaxe         |       |    12 |   226 ||   238
 Fire: Hunting sling     |    41 |     5 |       ||    46
Throw: Stone             |    45 |       |       ||    45
       Boomerang         |       |    18 |    32 ||    50
Invok: Trog's Hand       |     1 |     4 |     7 ||    12
Evoke: Wand              |       |       |    12 ||    12
  Use: Scroll            |     1 |     6 |     2 ||     9
 Stab: Paralysed         |       |       |    16 ||    16
Armor: Ring mail         |    51 |       |       ||    51
       Scale mail        |    13 |    43 |       ||    56
       Chain mail        |       |    12 |    16 ||    28
       Plate armour      |       |       |   239 ||   239
Dodge: Dodged            |    89 |    65 |   145 ||   299

Table legend: (Time is in decaauts)
 A = Elapsed time spent in this place.
 B = Non-inter-level travel time spent in this place.
 C = Inter-level travel time spent in this place.
 D = Time resting spent in this place.
 E = Time spent auto-exploring this place.
 F = Levels seen in this place.
 G = Mean time per level.
                   A        B        C        D        E       F      G
               +--------+--------+--------+--------+--------+-----+--------+
         Total |   8950 |   8645 |    305 |   3128 |   3931 |   9 |  994.4 |
       Dungeon |   8950 |   8645 |    305 |   3128 |   3931 |   9 |  994.4 |
               +--------+--------+--------+--------+--------+-----+--------+

Top non-repeatable levels by time:
     D:7: 1958 daAuts
     D:6: 1519 daAuts
     D:1: 1367 daAuts
     D:5: 1125 daAuts
     D:2: 1015 daAuts
     D:8: 689 daAuts
     D:9: 624 daAuts
     D:4: 585 daAuts
     D:3: 64 daAuts
